AoeStats
← | ArCas | Toruk Makto

Lombardia

507862515Analyzed
4v4 RM · 12d ago on Sep 20, 2026· 63m 43s· 8 players
Game mode
Random Map
Map size
Large (8 player)
Population
200
Speed
Normal
Resources
Standard
Victory
Conquest
Starting age
Dark Age
Ending age
Imperial Age
RankedLock teamsTeams togetherTeam positionsShared explorationLock speedFull tech treeHidden civsTurbo modeCheats
Victory
Defeat
🇲🇽 Malians · Mexico
1509
+7
🇨🇱 Maya · Chile
1347
+13
🇲🇽 Armenians · Mexico
1317
+13
🇪🇨 Malay · Ecuador
1317
+13
🇦🇷 Aztecs · Argentina
1297
-12
🇨🇴 Inca · Colombia
1292
-12
🇨🇳 Sicilians · China
1277
-12
🇨🇴 Chinese · Colombia
1226
-10
| ArCas | Toruk Makto
7:01 Loom
9:24 Feudal Age
12:39 Town Watch
14:21 Fletching
17:38 Padded Archer Armor
22:50 Castle Age
23:14 Crossbowman
23:49 Double-Bit Axe
23:48 Horse Collar
24:31 Bodkin Arrow
26:00 Gold Mining
29:32 Wheelbarrow
33:56 Ballistics
34:22 Leather Archer Armor
33:33 Eagle Warrior
36:38 Forging
36:29 Scale Mail Armor
37:25 Hand Cart
38:12 Iron Casting
38:00 Heavy Plow
38:30 Squires
38:15 Arson
43:46 Imperial Age
43:09 Chain Mail Armor
44:27 Elite Eagle Warrior
45:44 Plate Mail Armor
46:14 Blast Furnace
47:35 Elite Skirmisher
50:25 Conscription
51:46 Chemistry
50:59 Bracer
54:40 Bow Saw
58:06 Onager
58:09 Capped Ram
60:14 Siege Ram
AMartinez__
0:29 Loom
10:07 Feudal Age
21:25 Castle Age
19:43 Double-Bit Axe
20:07 Gold Mining
27:20 Bow Saw
27:25 Horse Collar
32:48 Town Watch
37:58 Imperial Age
35:35 Caravan
37:21 Wheelbarrow
38:10 Elite Fire Lancer
38:38 Arson
38:54 Squires
40:56 Two-Man Saw
41:18 Forging
41:09 Scale Mail Armor
43:54 Husbandry
43:14 Cavalier
45:05 Hand Cart
45:40 Iron Casting
45:21 Chain Mail Armor
45:11 Scale Barding Armor
45:43 Bloodlines
44:54 Light Cavalry
47:55 Blast Furnace
51:43 Chain Barding Armor
52:06 Heavy Plow
Zell
3:22 Loom
9:43 Feudal Age
11:15 Scale Mail Armor
12:25 Champi Runner
16:02 Wheelbarrow
19:34 Castle Age
17:36 Horse Collar
17:57 Double-Bit Axe
18:19 Stone Mining
18:38 Gold Mining
19:31 Forging
19:49 Arson
20:24 Squires
19:48 Champi Warrior
21:15 Bow Saw
21:35 Chain Mail Armor
23:45 Iron Casting
24:15 Heavy Plow
30:23 Hand Cart
34:16 Imperial Age
32:32 Fletching
33:50 Bodkin Arrow
36:19 Chemistry
37:13 Plate Mail Armor
41:00 Bracer
41:14 Padded Archer Armor
42:52 Leather Archer Armor
42:00 Elite Skirmisher
44:27 Ring Archer Armor
45:18 Andean Sling
46:36 Blast Furnace
45:50 Thumb Ring
46:18 Conscription
49:30 Pikeman
51:46 Crop Rotation
51:46 Halberdier
C.C.
6:55 Loom
9:52 Feudal Age
10:31 Double-Bit Axe
11:03 Horse Collar
22:17 Castle Age
21:04 Gold Mining
24:59 Gold Shaft Mining
24:36 Bow Saw
24:57 Husbandry
29:55 Scale Barding Armor
30:02 Bloodlines
35:18 Wheelbarrow
38:36 Imperial Age
36:12 Heavy Plow
36:24 Stone Mining
36:31 Town Watch
37:02 Forging
38:25 Chain Barding Armor
38:44 Cavalier
39:47 Hand Cart
40:49 Plate Barding Armor
42:36 Iron Casting
43:43 Crop Rotation
44:37 Blast Furnace
47:16 Hauberk
47:40 Caravan
47:19 Light Cavalry
48:32 Conscription
53:56 Coinage
58:48 Onager
VL GALLO FINO
11:14 Feudal Age
15:54 Castle Age
14:28 Double-Bit Axe
14:59 Horse Collar
16:23 Scale Barding Armor
20:26 Chain Barding Armor
22:44 Loom
22:44 Town Watch
25:58 Wheelbarrow
25:17 Gold Mining
25:17 Stone Mining
33:40 Imperial Age
31:30 Forging
32:15 Bow Saw
32:14 Heavy Plow
35:28 Chemistry
34:07 Cavalier
36:14 Padded Archer Armor
37:10 Leather Archer Armor
38:56 Ring Archer Armor
40:15 Hand Cart
43:26 Crop Rotation
43:37 Plate Barding Armor
43:31 Light Cavalry
45:56 Iron Casting
45:34 Bloodlines
45:32 Farimba
46:09 Masonry
50:41 Caravan
55:06 Husbandry
55:51 Conscription
57:05 Coinage
56:45 Guilds
56:41 Treadmill Crane
56:52 Guard Tower
57:33 Architecture
57:24 Ballistics
60:50 Fletching
61:38 Keep
60:59 Murder Holes
62:00 Banking
64:15 Bodkin Arrow
Youtube Nimro7
0:27 Loom
10:23 Feudal Age
15:41 Castle Age
14:32 Double-Bit Axe
18:58 Stone Mining
22:01 Wheelbarrow
23:59 Fletching
24:51 Padded Archer Armor
25:57 Horse Collar
27:24 Leather Archer Armor
27:52 Bodkin Arrow
29:58 Ballistics
31:56 Hand Cart
32:53 Heavy Plow
35:12 Bow Saw
38:35 Imperial Age
37:07 Gold Mining
37:52 Stone Shaft Mining
37:08 Town Watch
38:46 Coinage
38:17 Caravan
39:04 Thumb Ring
39:06 Squires
40:03 Conscription
40:48 Chemistry
39:49 Bracer
40:20 Ring Archer Armor
39:13 Elite Plumed Archer
41:02 Hoardings
41:00 Hul'che Javelineers
43:06 Town Patrol
43:39 Crop Rotation
44:12 Two-Man Saw
45:37 Treadmill Crane
45:53 Murder Holes
46:08 Masonry
58:18 Guard Tower
58:59 Architecture
Ars Radiophonik
5:57 Loom
10:01 Feudal Age
17:21 Castle Age
15:50 Double-Bit Axe
16:51 Fletching
18:43 Wheelbarrow
19:50 Bow Saw
20:23 Crossbowman
25:17 Town Watch
26:34 Horse Collar
26:56 Gold Mining
33:12 Imperial Age
31:24 Bodkin Arrow
33:08 Padded Archer Armor
33:41 Arbalester
35:44 Bracer
36:01 Leather Archer Armor
36:25 Ballistics
37:06 Chemistry
38:23 Ring Archer Armor
39:22 Hand Cart
39:42 Coinage
40:00 Gold Shaft Mining
43:04 Scale Mail Armor
43:15 Forging
44:58 Chain Mail Armor
45:19 Iron Casting
44:50 Man-at-Arms
45:17 Gambesons
45:33 Squires
45:47 Arson
46:34 Plate Mail Armor
46:00 Long Swordsman
46:53 Two-Handed Swordsman
47:57 Champion
51:41 Blast Furnace
55:28 Fereters
55:44 Conscription
59:11 Hoardings
Poeta Abatido
10:49 Feudal Age
28:27 Castle Age
30:38 Elite Skirmisher
32:30 Fletching
36:54 Padded Archer Armor
39:53 Leather Archer Armor
41:04 Bodkin Arrow
45:19 Double-Bit Axe
47:59 Pikeman
48:40 Squires
50:49 Horse Collar
52:07 Forging
55:18 Wheelbarrow
54:29 Loom
55:21 Iron Casting
63:12 Imperial Age
61:57 Scale Barding Armor
64:06 Blast Furnace
63:18 Elite Battle Elephant
Connection lost

Rejoining the realm…

Still unreachable

The connection could not be restored.

Session expired

The server has moved on; the page needs a fresh start.